Map: Romanticide LE

Players

Massa

  • Race: Terran Terran
  • League: Platinum
  • Spawn Location: 5:00

opisska - Winner!

  • Race: Zerg Zerg
  • League: Diamond
  • Spawn Location: 11:00

VOD

Have the link to the VOD?

Description

Time

  • Played on: Dec. 30, 2020, 12:13 p.m.
  • Length: 32:15
Show
View Real Time Build Order
Export as new Build Order

Massa Terran 

Build Orders: 2 Factory, Reaper Expand 

Get SALT Encoding   

  12  0:00  SCV  
  13  0:12  SCV  
  14  0:21  Supply Depot  
  14  0:24  SCV  
  16  0:42  SCV  
  16  0:43  Barracks  
  16  0:50  Refinery  
  16  0:55  SCV  
  17  1:07  SCV  
  18  1:19  SCV  
  19  1:31  Orbital Command  
  19  1:35  Reaper  
  20  1:44  Command Center  
  20  1:57  SCV  
  21  2:07  Marine  
  21  2:08  Supply Depot  
  22  2:09  SCV  
  22  2:15  Factory  
  23  2:29  SCV  
  24  2:41  SCV  
  24  2:43  Marine  
  26  2:54  SCV  
  26  2:57  Factory  
  26  2:58  Orbital Command  
  27  3:05  Factory Tech Lab  
  27  3:06  SCV  
  27  3:12  Refinery  
  28  3:16  Refinery  
  28  3:18  SCV  
  29  3:21  Barracks Reactor  
  29  3:24  Hellion  
  31  3:29  Refinery  
  31  3:32  Engineering Bay  
  31  3:37  Supply Depot  
  32  4:02  Hellion  
  32  4:03  Infernal Pre-Igniter  
  32  4:10  SCV  
  32  4:11  SCV  
  32  4:13  Hellion x2  
  38  4:18  Barracks Tech Lab  
  38  4:19  Starport  
  38  4:22  SCV  
  38  4:23  SCV  
  38  4:24  Hellion  
  42  4:34  Hellion x2  
  42  4:35  SCV  
  47  4:42  Stimpack  
  47  4:45  SCV, Hellion  
  49  4:47  SCV  
  51  4:56  Hellion  
  51  4:58  SCV  
  54  5:05  Supply Depot  
  54  5:06  Supply Depot  
  54  5:20  Missile Turret  
  54  5:22  Missile Turret  
  54  5:26  SCV x2, Hellion, Marine  
  54  5:27  Hellion  
  63  5:28  Widow Mine  
  51  5:44  Marine  
  51  5:48  Widow Mine x2  
  56  6:02  Marine  
  56  6:03  Widow Mine  
  57  6:09  Widow Mine x2  
  61  6:20  Marauder  
  57  6:36  Siege Tank  
  57  6:37  Widow Mine x2  
  64  6:41  Marauder  
  64  6:43  Armory, Terran Infantry Weapons Level 1  
  64  6:45  Medivac  
  64  6:46  Engineering Bay  
  68  6:47  SCV x2  
  68  6:53  Command Center  
  70  6:56  Missile Turret  
  70  6:59  Sensor Tower  
  70  7:00  Combat Shield  
  70  7:15  Terran Infantry Armor Level 1  
  70  7:16  Missile Turret  
  70  7:18  Supply Depot  
  70  7:22  Supply Depot  
  70  7:40  Widow Mine x2, SCV x2, Medivac  
  78  7:47  Terran Vehicle Weapons Level 1  
  78  7:52  SCV  
  78  7:55  Siege Tank  
  78  7:58  Drilling Claws  
  82  8:00  SCV  
  82  8:02  Widow Mine x2  
  82  8:04  SCV  
  86  8:10  Viking  
  88  8:14  Missile Turret  
  88  8:16  Missile Turret  
  88  8:19  Missile Turret  
  88  8:24  Barracks  
  88  8:34  Barracks  
  88  8:38  SCV x2  
  88  8:40  Medivac  
  92  8:46  Siege Tank  
  92  8:48  Widow Mine x2  
  99  8:50  SCV x2  
  99  8:57  Planetary Fortress  
  99  9:02  SCV x2  
  101  9:06  Missile Turret  
  101  9:32  Barracks Reactor  
  101  9:33  Barracks Tech Lab  
  101  9:38  SCV x2, Barracks  
  101  9:39  Barracks  
  101  9:44  Widow Mine  
  101  9:45  Widow Mine  
  101  9:54  SCV  
  101  10:05  Missile Turret  
  101  10:12  Terran Infantry Armor Level 2, Terran Infantry Weapons Level 2  
  101  10:14  Supply Depot x2  
  101  10:21  Supply Depot x2  
  101  10:23  Command Center, Supply Depot  
  101  10:26  Smart Servos  
  101  10:35  SCV x3, Marauder x2, Marine x2, Siege Tank  
  116  10:36  Widow Mine x2  
  116  10:38  Supply Depot  
  116  10:39  Refinery, Terran Vehicle Weapons Level 2  
  117  10:42  Starport Reactor  
  117  10:45  Supply Depot  
  117  10:47  SCV x3  
  120  10:53  Marine x2  
  120  10:55  Barracks Tech Lab  
  120  10:56  Barracks Reactor  
  126  10:57  Marauder x2  
  126  10:59  SCV  
  126  11:00  SCV x2  
  129  11:07  Siege Tank  
  129  11:11  SCV, Marine x2  
  134  11:12  SCV  
  138  11:18  Marauder x2  
  136  11:28  Marine x2, Sensor Tower  
  138  11:36  Widow Mine x2  
  138  11:39  Concussive Shells, Siege Tank  
  149  11:40  Marauder x3, Marine  
  152  11:57  Widow Mine x2  
  160  12:01  Marauder x3  
  160  12:05  SCV x3  
  165  12:10  Marine  
  165  12:11  Marine x3  
  169  12:17  SCV x3  
  172  12:26  Supply Depot  
  172  12:27  Planetary Fortress  
  172  12:28  Supply Depot x2  
  172  12:30  Supply Depot  
  172  12:42  Terran Infantry Weapons Level 3  
  172  12:43  Terran Infantry Armor Level 3  
  172  12:44  Ghost Academy  
  172  12:45  Ghost Academy  
  172  12:47  SCV x2, Marine x4  
  172  12:48  Marauder  
  172  12:49  SCV, Viking x2  
  172  12:50  Marauder x2, Supply Depot  
  189  12:55  Terran Vehicle And Ship Armor Level 1  
  189  12:59  SCV  
  193  13:06  Starport  
  196  13:14  Ghost x2  
  196  13:15  Ghost  
  196  13:19  Viking x2  
  200  13:28  Personal Cloaking  
  156  14:52  Marauder  
  124  14:53  Reaper  
  124  14:55  Ghost x2  
  124  14:56  Marine x2  
  124  14:57  Marine  
  127  15:01  Siege Tank  
  127  15:03  Widow Mine  
  127  15:04  Widow Mine  
  134  15:08  Refinery  
  134  15:13  Refinery, Ghost  
  128  15:14  Marine x3  
  131  15:23  Ghost  
  131  15:24  Ghost  
  131  15:25  Widow Mine x2, Marine  
  140  15:28  Command Center, Viking x2  
  140  15:29  Viking  
  140  15:30  Command Center  
  140  15:32  Marine x2  
  140  15:33  Siege Tank  
  151  15:41  Ghost  
  153  15:53  Marauder x2  
  157  15:58  Viking x3  
  157  16:01  SCV x2  
  157  16:02  SCV x2  
  167  16:05  Siege Tank  
  167  16:09  Widow Mine x2  
  167  16:11  Marauder  
  176  16:14  Marauder x2  
  180  16:21  Terran Vehicle Weapons Level 3  
  180  16:25  Hi-Sec Auto Tracking  
  180  16:28  Viking  
  180  16:32  Marauder  
  184  16:36  Marauder x2  
  184  16:37  Thor  
  184  16:39  Neosteel Armor  
  194  16:45  Marine  
  194  16:46  Marine x3  
  198  16:51  Refinery  
  198  16:52  Refinery  
  198  16:53  Marauder  
  200  17:08  Planetary Fortress  
  200  17:09  Planetary Fortress  
  167  18:12  Marauder, Ghost x2  
  143  18:14  Marine x4  
  143  18:16  Thor  
  143  18:17  Widow Mine x2  
  124  18:32  Ghost  
  123  18:38  Widow Mine  
  123  18:39  Refinery  
  123  18:40  Factory  
  123  18:41  Refinery, Ghost x2  
  117  18:58  Thor  
  117  19:01  Ghost  
  120  19:09  Ghost x2  
  120  19:12  Marine  
  120  19:13  Marine x3  
  120  19:15  Widow Mine x2  
  130  19:29  Ghost  
  130  19:30  Marine  
  130  19:31  Marine x3  
  134  19:34  SCV x3  
  134  19:38  Ghost x2  
  141  19:44  Factory Tech Lab  
  143  19:48  Marine x2  
  145  19:59  Marauder  
  147  20:02  Refinery  
  149  20:07  Marauder x2  
  149  20:13  Sensor Tower  
  151  20:17  Sensor Tower  
  151  20:19  Ghost  
  151  20:20  Missile Turret  
  151  20:21  Missile Turret  
  153  20:22  Missile Turret  
  153  20:23  Thor  
  159  20:41  Marauder x2, Marine x4  
  159  20:42  Missile Turret x2  
  167  20:44  Missile Turret  
  167  20:48  Marine  
  168  20:58  Marine  
  168  20:59  Marine x3  
  168  21:01  Marine  
  168  21:02  Marine  
  174  21:06  Marine  
  175  21:16  Marine  
  175  21:17  Marine x3  
  179  21:20  Marauder  
  122  21:43  Marauder, Ghost x2  
  122  21:44  Marine  
  122  21:45  Marine x3  
  121  21:47  Thor  
  121  21:49  Thor  
  133  21:58  Missile Turret x2  
  133  22:00  Missile Turret x2  
  133  22:02  Marine x3  
  133  22:03  Ghost, Marine  
  133  22:05  Terran Vehicle And Ship Armor Level 2  
  139  22:11  Ghost x2  
  143  22:17  Refinery  
  143  22:18  Missile Turret  
  143  22:20  Marine x4  
  143  22:22  Missile Turret  
  147  22:32  Ghost  
  147  22:36  Thor x2  
  161  22:38  Marine x4  
  161  22:40  Ghost  
  161  22:41  Marauder  
  169  22:55  Marine  
  169  22:56  Marine x3  
  167  23:01  Marauder  
  167  23:02  Marauder  
  171  23:09  Marauder  
  132  23:13  Marine  
  132  23:14  Marine x3  
  132  23:19  Thor  
  130  23:22  Marauder  
  130  23:24  Marauder  
  127  23:31  Marauder, Marine  
  118  23:37  Marine x2  
  118  23:38  Marine  
  118  23:39  Thor  
  118  23:40  Widow Mine x2  
  122  23:44  Marauder  
  122  23:45  Marauder  
  123  23:49  Marine  
  123  23:52  Marauder  
  123  23:55  Marine x3  
  127  24:01  Widow Mine  
  127  24:02  Widow Mine, Thor  
  137  24:05  Marauder  
  137  24:06  Marauder  
  137  24:07  Marine  
  141  24:13  Marauder, Marine x3  
  134  24:22  Thor  
  134  24:23  Widow Mine  
  140  24:24  Marine  
  140  24:26  Ghost  
  140  24:27  Ghost  
  122  24:44  Marauder, Thor  
  122  24:45  Marine x4  
  109  24:52  Widow Mine  
  109  24:53  Widow Mine  
  109  24:55  Marauder  
  109  24:56  Marauder  
  113  25:02  Marine  
  113  25:03  Barracks, Marine x3  
  113  25:04  Barracks  
  113  25:05  Barracks, Marauder, Thor  
  128  25:14  Widow Mine x2  
  128  25:16  Marauder  
  128  25:18  Marauder  
  128  25:20  Marine x2  
  128  25:21  Marine x2  
  119  25:27  Marauder, Thor  
  119  25:37  Ghost  
  119  25:38  Ghost, Marine x3  
  119  25:39  Marine  
  87  25:55  Marine  
  87  25:56  Marine x6  
  88  25:59  Thor  
  91  26:06  Marine  
  91  26:07  Marine  
  91  26:09  Widow Mine  
  91  26:10  Widow Mine  
  91  26:11  Thor  
  103  26:13  Marine  
  103  26:14  Marine x6  
  110  26:24  Marine  
  113  26:25  Marauder  
  111  26:35  Marine  
  112  26:41  Thor  
  112  26:42  Marauder  
  112  26:46  Ghost  
  122  27:05  Marauder  
  122  27:06  Marine x3  
  121  27:15  Marauder  
  101  27:26  Marauder  
  97  27:37  Marauder  
  97  27:40  Marine x5  
  97  27:41  Marine x2  
  102  27:45  Thor  
  102  27:48  Widow Mine x3, Marauder  
  108  27:58  Marauder, Marine x7  
  105  28:09  Widow Mine, Marauder  
  106  28:16  Marine x5  
  106  28:19  Marauder  
  113  28:20  Marine  
  113  28:21  Marine  
  115  28:31  Marauder  
  115  28:33  Marine  
  115  28:34  Marine x3  
  118  28:41  Marauder  
  123  28:46  Command Center  
  123  28:52  Marauder  
  125  29:01  Ghost  
  115  29:13  Ghost  
  53  29:46  Marauder x2, Marine  
  56  30:07  Marauder  
  56  30:10  Orbital Command  
  52  30:48  Orbital Command  
  23  31:13  Ghost x2  
  9  31:41  Ghost x2  
Show
View Real Time Build Order
Export as new Build Order

opisska Zerg - Winner!

Build Orders: Hatch First, Brood Lord Corruptor, Muta Ling Bane 

Get SALT Encoding   

  12  0:01  Drone  
  13  0:12  Overlord  
  13  0:17  Drone  
  14  0:31  Drone x2  
  16  0:36  Drone  
  17  0:53  Hatchery  
  17  0:56  Drone  
  17  1:01  Drone  
  18  1:14  Spawning Pool  
  18  1:18  Drone  
  18  1:38  Hatchery  
  17  1:42  Drone, Extractor  
  17  1:46  Drone  
  18  1:47  Drone  
  19  1:54  Drone  
  20  2:01  Queen  
  20  2:06  Zergling x2  
  23  2:09  Zergling x2  
  24  2:19  Overlord  
  24  2:22  Zergling x2  
  24  2:44  Drone x2  
  24  2:45  Drone, Queen  
  24  2:48  Metabolic Boost  
  29  2:58  Drone  
  29  2:59  Drone x2  
  32  3:06  Drone x2  
  32  3:07  Drone  
  35  3:14  Overlord  
  35  3:21  Queen  
  37  3:31  Pneumatized Carapace  
  37  3:34  Queen  
  39  3:41  Drone  
  39  3:42  Drone x2  
  41  4:00  Drone, Overlord  
  41  4:01  Drone x8  
  50  4:17  Queen  
  52  4:24  Baneling Nest  
  52  4:25  Extractor  
  52  4:28  Drone x4  
  52  4:29  Drone x2  
  56  4:31  Overlord  
  56  4:34  Queen  
  56  4:38  Overlord x2  
  58  4:50  Lair  
  58  4:54  Zergling x4  
  58  4:55  Zergling x12  
  66  5:03  Drone x4  
  70  5:08  Zergling x4  
  70  5:09  Zergling x6  
  75  5:18  Drone, Spine Crawler  
  75  5:19  Drone, Spore Crawler  
  75  5:26  Spore Crawler  
  75  5:28  Spine Crawler  
  64  5:42  Zergling x12  
  66  5:53  Overlord  
  66  5:56  Drone  
  68  5:57  Drone x5, Centrifical Hooks  
  68  6:03  Baneling x5  
  68  6:04  Baneling x2  
  71  6:06  Overlord  
  71  6:10  Extractor  
  70  6:16  Extractor  
  66  6:30  Drone x4  
  66  6:31  Drone x9  
  79  6:37  Spire  
  78  6:40  Extractor  
  78  6:41  Extractor  
  78  6:44  Drone x4  
  78  6:45  Drone  
  81  6:52  Hatchery  
  80  7:07  Overlord x3  
  80  7:08  Overlord  
  80  7:13  Overlord x2  
  80  7:14  Drone x2  
  82  7:16  Drone x3  
  85  7:24  Infestation Pit  
  84  7:35  Extractor  
  84  7:36  Extractor  
  82  7:40  Overlord  
  82  7:51  Mutalisk  
  82  7:52  Mutalisk x8  
  100  8:21  Spore Crawler  
  100  8:23  Spine Crawler  
  98  8:28  Zergling x2  
  98  8:29  Zergling x8  
  98  8:31  Hive  
  103  8:36  Evolution Chamber x2  
  103  8:37  Evolution Chamber  
  99  8:48  Drone  
  99  8:49  Drone x6  
  99  8:50  Drone x3  
  109  9:08  Overseer  
  109  9:09  Overseer  
  109  9:30  Zergling x18  
  109  9:31  Zergling x14  
  108  9:49  Corruptor x5  
  108  9:50  Corruptor x2  
  108  9:52  Greater Spire  
  122  9:56  Neural Parasite  
  120  10:00  Ultralisk Cavern  
  119  10:07  Drone x4  
  119  10:08  Drone x6  
  129  10:25  Hatchery  
  128  10:28  Extractor  
  128  10:32  Extractor, Overlord  
  128  10:33  Overlord x2  
  126  10:39  Corruptor x2  
  126  10:40  Ultralisk Cavern  
  129  10:50  Drone x2  
  125  11:33  Brood Lord x5  
  125  11:34  Brood Lord x4  
  125  11:36  Chitinous Plating  
  125  11:37  Ultralisk x4  
  167  11:43  Drone x2  
  167  11:44  Drone  
  170  11:56  Overlord x3  
  170  12:01  Overlord  
  170  12:03  Zerg Missile Weapons Level 1, Zerg Ground Armor Level 1  
  170  12:04  Zerg Melee Weapons Level 1  
  170  12:06  Anabolic Synthesis  
  170  12:09  Zerg Flyer Weapons Level 1  
  170  12:13  Spire  
  169  12:17  Pathogen Glands, Overlord  
  169  12:18  Overlord  
  169  12:22  Adrenal Glands  
  169  12:35  Unknown  
  168  12:42  Hatchery  
  168  12:43  Baneling x2  
  168  12:44  Baneling x22  
  167  12:45  Baneling  
  167  13:15  Hatchery  
  167  13:17  Hatchery  
  165  13:23  Drone x2  
  165  13:24  Drone  
  168  13:28  Zerg Flyer Armor Level 1  
  168  13:33  Infestor x4  
  168  13:34  Infestor x4  
  184  13:49  Extractor x2  
  182  14:04  Extractor  
  182  14:06  Extractor  
  180  14:11  Overseer x3  
  180  14:14  Burrow  
  180  14:25  Corruptor x6  
  180  14:26  Corruptor x4  
  157  14:46  Corruptor  
  157  14:47  Corruptor x6  
  157  14:48  Corruptor  
  157  14:49  Corruptor  
  165  14:54  Corruptor  
  153  15:29  Queen  
  153  15:34  Zerg Missile Weapons Level 2  
  153  15:35  Zerg Ground Armor Level 2  
  155  15:36  Zerg Melee Weapons Level 2  
  155  15:37  Zerg Flyer Weapons Level 2  
  155  15:42  Zerg Flyer Armor Level 2  
  155  15:46  Ultralisk x4  
  179  15:56  Drone x2  
  177  16:06  Queen  
  179  16:12  Brood Lord x2  
  179  16:13  Brood Lord x2  
  179  16:15  Brood Lord x2  
  179  16:17  Ultralisk  
  197  16:34  Infestor  
  197  16:36  Zergling x2  
  194  17:31  Brood Lord x3  
  181  18:07  Ultralisk x2  
  181  18:08  Ultralisk x4  
  189  18:13  Ultralisk  
  181  18:35  Corruptor  
  181  18:36  Corruptor x4  
  181  18:37  Overlord x2  
  181  18:40  Overseer  
  181  18:41  Overseer  
  179  18:57  Brood Lord x3  
  179  18:58  Corruptor  
  179  18:59  Corruptor x2  
  147  19:36  Drone x5  
  152  19:53  Drone x3  
  152  19:58  Infestor x3  
  152  19:59  Infestor x4  
  169  20:08  Zerg Missile Weapons Level 3  
  169  20:09  Zerg Ground Armor Level 3  
  169  20:10  Zerg Melee Weapons Level 3  
  169  20:12  Zerg Flyer Weapons Level 3  
  169  20:21  Overseer x3  
  169  20:33  Ultralisk  
  169  20:34  Ultralisk x6  
  169  20:37  Infestor x7  
  169  20:40  Hatchery  
  168  20:43  Corruptor x2  
  168  20:44  Corruptor x3  
  168  20:46  Brood Lord x4  
  168  20:48  Viper  
  162  21:35  Ultralisk  
  162  21:36  Ultralisk x5  
  176  21:57  Hatchery  
  175  22:02  Drone x4, Queen  
  175  22:05  Extractor  
  180  22:26  Corruptor x5  
  190  22:30  Brood Lord x3  
  196  22:49  Zerg Flyer Armor Level 3  
  193  23:12  Ultralisk x2  
  193  23:13  Ultralisk x2  
  193  23:14  Ultralisk x2  
  175  23:36  Ultralisk x4  
  191  24:03  Overlord x2  
  187  24:12  Overlord x5  
  187  24:16  Overlord x3  
  177  24:30  Extractor  
  177  24:31  Extractor  
  175  24:42  Overlord  
  175  24:43  Overlord  
  161  24:46  Overseer  
  161  24:47  Overseer  
  161  24:49  Overseer  
  161  24:50  Overseer x2  
  161  24:52  Ultralisk x6, Corruptor  
  143  25:57  Overseer x3  
  143  25:58  Overseer  
  137  26:18  Corruptor  
  137  26:19  Corruptor x6  
  137  26:20  Corruptor  
  153  26:31  Corruptor x2  
  153  26:32  Corruptor x7  
  157  26:33  Corruptor x3  
  165  26:58  Brood Lord x6  
  177  27:40  Brood Lord x5  
  177  28:57  Brood Lord x5  
  173  29:09  Overlord  
  161  29:10  Overlord x2  
  161  29:15  Overseer  
  161  29:16  Overseer x2  
  145  29:38  Zergling x22  
  132  29:39  Zergling x56  
  132  29:40  Zergling x26  
  183  30:36  Ultralisk x2  
  181  31:10  Zergling x4  
  181  31:11  Zergling x32  
  186  32:10  Hatchery  
Tags
 
Add a new tag
Caveats
  • Supply blocks, unpowered buildings, or Contaminate may cause inaccurate times.
  • Supply counts are checked every 10 seconds.